AoeStats
← fra_nikolaus

Golden Pit

507949260Analyzed
1v1 RM · 11d ago on Sep 20, 2026· 65m 34s· 2 players
Game mode
Random Map
Map size
Tiny (2 player)
Population
200
Speed
Normal
Resources
Standard
Victory
Conquest
Starting age
Dark Age
Ending age
Imperial Age
RankedLock teamsTeams togetherTeam positionsShared explorationLock speedFull tech treeHidden civsTurbo modeCheats
Victory
Defeat
🇩🇰 Mongols · Denmark
460
+18
🇦🇷 Khmer · Argentina
465
-16
fra_nikolaus
12:32 Feudal Age
14:49 Wheelbarrow
14:13 Double-Bit Axe
15:51 Horse Collar
17:29 Bloodlines
18:57 Gold Mining
23:02 Castle Age
22:21 Padded Archer Armor
22:11 Fletching
24:28 Hand Cart
24:16 Heavy Plow
24:56 Scale Barding Armor
24:57 Light Cavalry
31:10 Leather Archer Armor
33:11 Pikeman
50:47 Imperial Age
55:48 Hoardings
58:07 Husbandry
gchingolani91
8:27 Loom
12:20 Feudal Age
13:35 Horse Collar
25:46 Castle Age
26:18 Gold Mining
28:17 Scale Barding Armor
28:03 Fletching
29:55 Wheelbarrow
29:18 Pikeman
32:49 Tusk Swords
41:20 Bodkin Arrow
51:27 Scale Mail Armor
58:48 Imperial Age
58:16 Murder Holes
58:32 Masonry
62:13 Ballistics
63:48 Chemistry
62:16 Halberdier
Connection lost

Rejoining the realm…

Still unreachable

The connection could not be restored.

Session expired

The server has moved on; the page needs a fresh start.